 Dungeon Crawl Stone Soup version 0.22.1-1-ga44c0e56f4 (webtiles) character file.

42 Nixze the Magician (level 3, 0/19 HPs)
             Began as a Deep Elf Wizard on Oct 29, 2018.
             Slain by Terence
             ... wielding a +0 mace
              (7 damage)
             ... on level 2 of the Dungeon.
             The game lasted 00:04:33 (1428 turns).

Nixze the Magician (Deep Elf Wizard)                Turns: 1428, Time: 00:04:34

Health: 0/19       AC:  2    Str:  4    XL:     3   Next: 35%
Magic:  1/10       EV: 13    Int: 23    God:
Gold:   119        SH:  0    Dex: 13    Spells: 5/10 levels left

rFire    + . .     SeeInvis .   (no weapon)
rCold    . . .     Gourm    .   (no shield)
rNeg     . . .     Faith    .   a - +0 robe
rPois    .         Spirit   .   b - +0 hat
rElec    .         Reflect  .   (no cloak)
rCorr    .         Harm     .   (no gloves)
MR       .....                  (no boots)
Stlth    ++........             (no amulet)
HPRegen  0.06/turn              l - ring of protection from fire
MPRegen  0.12/turn              (no ring)

@: no status effects
A: no striking features
a: no special abilities


You were on level 2 of the Dungeon.
You were not hungry.

You visited 1 branch of the dungeon, and saw 2 of its levels.

You collected 119 gold pieces.

Inventory:

Hand Weapons
 n - a +0 whip
Missiles
 g - 36 stones (quivered)
Armour
 a - a +0 robe (worn)
 b - a +0 hat (worn)
 c - +0 swamp dragon scales
Jewellery
 l - a ring of protection from fire (left hand)
Scrolls
 e - 4 scrolls of remove curse {unknown}
 f - a scroll of fog {unknown}
 i - a scroll of immolation {unknown}
 j - a scroll of noise {unknown}
Potions
 h - a potion of agility
 k - a potion of brilliance {unknown}
 m - a potion of curing {unknown}
Comestibles
 d - 7 rations


   Skills:
 - Level 2.4 Dodging
 - Level 2.4 Stealth
 - Level 4.4 Spellcasting
 + Level 3.7 Conjurations
   Level 1.1 Summonings
 - Level 1.1 Translocations


You had 5 spell levels left.
You knew the following spells:

 Your Spells              Type           Power        Failure   Level  Hunger
a - Magic Dart            Conj           ###.         2%          1    None
b - Blink                 Tloc           N/A          10%         2    None
c - Slow                  Hex            #.......     16%         2    None

Your spell library contained the following spells:

 Spells                   Type           Power        Failure   Level  Hunger
 Call Imp                 Summ           ##......     10%         2    None
 Conjure Flame            Conj/Fire      ##......     14%         3    ##.....
 Mephitic Cloud           Conj/Pois/Air  ##......     19%         3    ##.....


Dungeon Overview and Level Annotations

Branches:
Dungeon (2/15)

Altars:

Annotations:
D:2 Robin, Terence


Message History

Aim: Terence, wielding a mace and wearing a chain mail (lightly wounded, The magic dart hits Terence.
Terence is lightly wounded.
Terence is no longer moving slowly.
Terence closely misses you.
Casting: Magic Dart (safe; 2% risk of failure)
Confirm with . or Enter, or press ? or * to list all spells.
Aiming: Magic Dart (safe; 2% risk of failure)
Press: ? - help, Shift-Dir - straight line, f/p - Terence
Aim: Terence, wielding a mace and wearing a chain mail (lightly wounded, fast)
The magic dart hits Terence.
Terence is moderately wounded.
Terence hits you with a mace. x2
Terence barely misses you. Terence closely misses you.
Terence hits you with a mace.
Things that are here:
a whip; a kobold skeleton
n - a whip Terence hits you with a mace!
You die...

###### #.................#
###....###.##...)#########.#
###+#......'...##....# #.#
##..........##..##....# #.#
..........#..#........#########..
..........#.....#.............###
....w..#.w#..#..#.............#..
....!..#...l.#................#.#
.......#..####l@@...#.........'.#
..#..#.....w........#.........###
# #..........####.............#<#
...................>........#.#
.#....#######...........######g#
###.. .'...........#### #g# #..
.#...............


ggg #. ########'##......g.. ........# ......g.. You could see Terence, a worm
and a frilled lizard.

Vanquished Creatures
  An adder (D:2)
  A leopard gecko (D:1)
  2 bats
  13 goblins
  A hobgoblin (D:1)
  4 kobolds
  2 quokkas (D:2)
  4 frilled lizards
  2 rats (D:1)
30 creatures vanquished.

Vanquished Creatures (others)
  7 toadstools (D:2)
7 creatures vanquished.

Grand Total: 37 creatures vanquished

Notes
Turn   | Place    | Note
-------+----------+-------------------------------------------
     0 | D:1      | Nixze the Deep Elf Wizard began the quest for the Orb.
     0 | D:1      | Reached XP level 1. HP: 10/10 MP: 7/7
   274 | D:1      | Reached XP level 2. HP: 15/15 MP: 5/9
   754 | D:2      | Noticed Robin
   867 | D:2      | Learned a level 2 spell: Blink
   870 | D:2      | Learned a level 2 spell: Slow
  1163 | D:2      | Reached XP level 3. HP: 19/19 MP: 7/10
  1409 | D:2      | Noticed Terence
  1428 | D:2      | Slain by Terence

Skill      XL: |  1  2 |
---------------+-------+-----
Conjurations   | 2 3 |  3.7
Dodging        | |  2.4
Stealth        | |  2.4
Spellcasting   | |  4.4
Summonings     | |  1.1
Translocations | |  1.1

Action                   || total
-------------------------++-------
 Cast: Magic Dart        ||    61
       Slow              ||     3
  Eat: Chunk             ||     1
Armor: Robe              ||     5
Dodge: Dodged            ||    10
